 Dungeon Crawl Stone Soup version 0.18-a0-1300-g6e8322c (webtiles) character file.

1068 Tomstefer the Carver (level 8, -1/73 HPs)
             Began as a Minotaur Fighter on Feb 11, 2016.
             Was a Follower of Okawaru.
             Slain by an orc warrior
             ... wielding a +0 halberd
              (5 damage)
             ... on level 6 of the Dungeon.
             The game lasted 00:15:46 (4370 turns).

Tomstefer the Carver (Minotaur Fighter)             Turns: 4370, Time: 00:15:47

Health: -1/73      AC: 13    Str: 22    XL:     8   Next: 7%
Magic:  7/7        EV:  7    Int:  5    God:    Okawaru [*.....]
Gold:   348        SH:  9    Dex: 11    Spells: 0 memorised, 7 levels left

rFire  . . .     SeeInvis +     a - +0 long sword
rCold  . . .     Gourm    .     b - +0 scale mail
rNeg   . . .     Faith    .     c - +0 shield
rPois  .         Spirit   .     (helmet restricted)
rElec  .         Dismiss  .     t - +0 cloak
rCorr  .         Reflect  .     (no gloves)
SustAt .         Harm     .     (no boots)
MR     .....                    (no amulet)
Stlth  ..........               p - +5 ring of protection
                                u - ring of see invisible

@: not resistant to hostile enchantments, extremely unstealthy
A: retaliatory headbutt, horns 2
a: Heroism, Renounce Religion


You were on level 6 of the Dungeon.
You worshipped Okawaru.
Okawaru was aware of your devotion.
You were not hungry.

You visited 1 branch of the dungeon, and saw 6 of its levels.
You also visited: Sewer.

You collected 348 gold pieces.

Inventory:

Hand Weapons
 a - a +0 long sword (weapon)
 l - a +4 blowgun
 z - a -1 war axe
Missiles
 A - 14 poisoned needles
Armour
 b - a +0 scale mail (worn)
 c - a +0 shield (worn)
 t - a +0 cloak (worn)
Jewellery
 p - a +5 ring of protection (right hand)
 u - a ring of see invisible (left hand)
 w - an uncursed ring of fire
 y - an uncursed ring of stealth
Wands
 o - a wand of polymorph (11/24)
 D - a wand of lightning (6/15)
 F - a wand of flame (18/48)
Scrolls
 e - 2 scrolls of blinking
 i - 2 scrolls of teleportation
 q - 2 scrolls of enchant weapon
 v - 2 scrolls of remove curse
 C - 2 scrolls of random uselessness {unknown}
 E - 2 scrolls of identify
 I - a scroll of amnesia {unknown}
 J - a scroll of magic mapping
 K - a scroll of enchant armour {unknown}
Potions
 d - a potion of might
 j - a potion of berserk rage {unknown}
 k - a potion of haste
 m - 2 potions of mutation {unknown}
 r - 2 potions of curing
 s - a potion of brilliance {unknown}
 x - a potion of flight
 G - 2 potions of heal wounds {unknown}
Comestibles
 f - 4 bread rations
 g - 5 meat rations
 h - 3 chunks of flesh
 n - a slice of pizza
 B - 4 fruits
 H - a royal jelly


   Skills:
 + Level 7.5 Fighting
 - Level 8.0 Long Blades
 + Level 6.2 Armour
 - Level 3.6 Shields


You had 7 spell levels left.
You didn't know any spells.

Dungeon Overview and Level Annotations

Branches:
Dungeon (6/15)
 Temple: D:4-7

Altars:
Dithmenos
Makhleb
Okawaru
Qazlal
Sif Muna
Xom


Innate Abilities, Weirdness & Mutations

You reflexively headbutt those who attack you in melee.
You have a pair of horns on your head.


Message History

The orc wizard casts a spell.
The orc wizard blinks!
The orc warrior hits you with a halberd!
You hit the orc warrior but do no damage.
You headbutt the orc warrior.
The orc warrior is moderately wounded.
The orc warrior hits you with a halberd!
* * * LOW HITPOINT WARNING * * *
You closely miss the orc warrior. Your headbutt misses the orc warrior.
The orc warrior is moderately wounded.
The orc wizard points at you and mumbles some strange words.
The magic dart hits you!
The orc warrior hits you with a halberd!
* * * LOW HITPOINT WARNING * * *
Your scale mail prevents you from hitting the orc warrior.
Your headbutt misses the orc warrior.
The orc warrior is moderately wounded.
The orc wizard hits you but does no damage.
The orc warrior hits you with a halberd.
You die...

...# ##...##........
...# ##[......#####..
...# #.......## #..
.#.............####....
.#.#####............#
##.# #.....[...#### #
.# #......##.# #
....... #o# # .......
#@# . ....... #o# .
##..... #S# . ##.. ...
.. ... ..... .....
.......


You could see an orc warrior, an orc wizard and an adder.

Vanquished Creatures
  Purgy (Sewer)
  A sky beast (D:5)
  An ice beast (D:6)
  A necrophage (D:5)
  An ogre (D:4)
  A giant frog (D:6)
  4 crimson imps (D:5)
  An orc priest (D:3)
  A gnoll shaman (D:6)
  3 orc wizards
  A worker ant (D:5)
  4 gnolls
  10 adders
  2 oozes
  An adder skeleton (D:6)
  3 worms
  A giant gecko (D:3)
  14 orcs
  8 giant cockroaches
  11 goblins
  10 hobgoblins
  8 jackals
  13 kobolds
  4 quokkas
  2 ball pythons
  11 bats
  8 giant newts
  11 rats
137 creatures vanquished.

Notes
Turn   | Place    | Note
--------------------------------------------------------------
     0 | D:1      | Tomstefer the Minotaur Fighter began the quest for the Orb.
     0 | D:1      | Reached XP level 1. HP: 19/19 MP: 0/0
    88 | D:1      | Reached XP level 2. HP: 26/26 MP: 1/1
   521 | D:1      | Reached skill level 4 in Long Blades
   608 | D:2      | Reached XP level 3. HP: 31/31 MP: 2/2
   983 | D:2      | Reached skill level 5 in Long Blades
  1021 | D:2      | Reached XP level 4. HP: 16/39 MP: 3/3
  1624 | D:3      | Found a shadowy altar of Dithmenos.
  1733 | D:3      | Reached skill level 6 in Long Blades
  1733 | D:3      | Reached XP level 5. HP: 36/45 MP: 4/4
  2160 | D:3      | Reached skill level 7 in Long Blades
  2541 | D:4      | Noticed an ogre
  2543 | D:4      | Killed an ogre
  2543 | D:4      | Reached XP level 6. HP: 51/51 MP: 5/5
  2885 | D:4      | Reached skill level 8 in Long Blades
  2968 | D:4      | Found a burning altar of Makhleb.
  2972 | D:4      | Found a deep blue altar of Sif Muna.
  2977 | D:4      | Found an iron altar of Okawaru.
  2987 | D:4      | Became a worshipper of Warmaster Okawaru
  3221 | D:5      | Entered Level 5 of the Dungeon
  3287 | D:5      | Found a shimmering altar of Xom.
  3304 | D:5      | Reached skill level 5 in Fighting
  3325 | D:5      | Found a glowing drain.
  3336 | Sewer    | Entered a sewer
  3391 | Sewer    | Noticed Purgy
  3396 | Sewer    | Killed Purgy
  3396 | Sewer    | Reached XP level 7. HP: 58/62 MP: 6/6
  3647 | D:5      | Found a stormy altar of Qazlal.
  3813 | D:5      | Reached * piety under Okawaru
  3813 | D:5      | Reached skill level 5 in Armour
  4248 | D:6      | Reached XP level 8. HP: 73/73 MP: 7/7
  4370 | D:6      | Slain by an orc warrior

Vault maps used:
D:1:      dpeg_arrival_stonehenge_8_columns
D:2:      first_bread
D:3:      nicolae_dithmenos_through_a_glass_darkly
D:4:      minmay_overflow_temple_star_quad, kennysheep_generic_room_16
D:5:      led_xom_imps, kennysheep_little_box, portal_sewer_entry_d
Sewer:    kennysheep_door_sewer

Action                   |  1- 3 |  4- 6 |  7- 9 || total
-------------------------+-------+-------+-------++-------
Melee: Long sword        |   113 |   178 |   118 ||   409
 Fire: Blowgun           |       |     4 |       ||     4
  Use: Scroll            |       |    13 |       ||    13
  Eat: Chunk             |       |     8 |     4 ||    12
